 Dungeon Crawl Stone Soup version 0.21-a0-122-g43b3ea6 (webtiles) character file.

26 sagitran the Skirmisher (level 2, -1/24 HPs)
             Began as a Demonspawn Abyssal Knight on July 13, 2017.
             Was a Follower of Lugonu.
             Slain by an adder (3 damage)
             ... on level 2 of the Dungeon.
             The game lasted 00:04:30 (1050 turns).

sagitran the Skirmisher (Demonspawn Abyssal Knight) Turns: 1050, Time: 00:04:31

Health: -1/24      AC:  3    Str: 14    XL:     2   Next: 89%
Magic:  4/4        EV: 11    Int: 13    God:    Lugonu [*.....]
Gold:   51         SH:  0    Dex: 12    Spells: 1/1 levels left

rFire    . . .     SeeInvis .   a - +1 hand axe
rCold    . . .     Gourm    .   (no shield)
rNeg     . . .     Faith    .   b - +0 leather armour
rPois    .         Spirit   .   (helmet restricted)
rElec    .         Reflect  .   (no cloak)
rCorr    .         Harm     .   (no gloves)
MR       .....     Clarity  +   (no boots)
Stlth    +.........             (no amulet)
HPRegen  0.08/turn              (no ring)
MPRegen  0.09/turn              (no ring)

@: lethally poisoned (-1 -> -20), flying, hasted, very quick
A: antennae 1, clarity, strong 1, sturdy frame 1
a: Depart the Abyss, Renounce Religion


You were on level 2 of the Dungeon.
You worshipped Lugonu.
Lugonu was aware of your devotion.
You were hungry.

You visited 1 branch of the dungeon, and saw 2 of its levels.
You visited the Abyss 1 time.

You collected 51 gold pieces.

Inventory:

Hand Weapons
 a - a +1 hand axe (weapon)
Armour
 b - a +0 leather armour (worn)
Scrolls
 e - a scroll of amnesia {unknown}
 g - a scroll of enchant weapon {unknown}
 h - a scroll of teleportation {unknown}
 i - a scroll of identify {unknown}
Comestibles
 c - 2 bread rations
 f - a royal jelly


   Skills:
 + Level 3.2 Fighting
 + Level 2.2 Axes
 + Level 2.1 Armour
 + Level 1.1 Dodging
 + Level 0.2 Stealth
 + Level 2.7 Invocations


You had one spell level left.
You didn't know any spells.

Dungeon Overview and Level Annotations

Branches:
Dungeon (2/15)

Altars:


Innate Abilities, Weirdness & Mutations

Your movements are slightly less encumbered by armour. (ER -2)
You have a pair of small antennae on your head.
You possess an exceptional clarity of mind.
Your muscles are strong. (Str +2)


Message History

It was a potion of flight.
You feel very buoyant.
You fly up into the air.
* * * LOW HITPOINT WARNING * * *
You feel sick. The adder closely misses you. The adder bites you.
* * * LOW HITPOINT WARNING * * *
You are more poisoned.
The adder poisons you!
It was a potion of mutation.
You feel extremely strange.
Your thoughts seem clearer.
A pair of antennae grows on your head!
You feel stronger.
* * * LOW HITPOINT WARNING * * *
You feel sick. The adder bites you.
* * * LOW HITPOINT WARNING * * *
You are more poisoned.
The adder poisons you!
It was a potion of haste.
You feel yourself speed up.
* * * LOW HITPOINT WARNING * * *
You feel sick. The adder bites you.
You die...

#..... ###.....
. ....... ..
#....# ...
#>.... ....
#....###.....
#............
#...S@.....$.
#.......###.#...
#.......#
#.......#
#........
.........
.......##
#..#... .


You could see an adder.

Vanquished Creatures
  4 bats (D:1)
  A giant cockroach (D:1)
  6 goblins (D:1)
  5 hobgoblins (D:1)
  A kobold (D:1)
  2 frilled lizards (D:1)
  4 rats
23 creatures vanquished.

Notes
Turn   | Place    | Note
-------+----------+-------------------------------------------
     0 | Abyss:1  | sagitran the Demonspawn Abyssal Knight began the quest for the Orb.
     0 | Abyss:1  | Reached XP level 1. HP: 18/18 MP: 2/2
    35 | D:1      | Escaped the Abyss
   195 | D:1      | Reached skill level 1 in Dodging
   240 | D:1      | Gained mutation: Your movements are slightly less encumbered by armour. (ER -2) [demonic ancestry]
   240 | D:1      | Reached XP level 2. HP: 23/24 MP: 3/3
   309 | D:1      | Reached * piety under Lugonu
  1049 | D:2      | Gained mutation: You possess an exceptional clarity of mind. [potion of mutation]
  1049 | D:2      | Gained mutation: You have a pair of small antennae on your head. [potion of mutation]
  1049 | D:2      | Gained mutation: Your muscles are strong. (Str +2) [potion of mutation]
  1050 | D:2      | Slain by an adder

Vault maps used:
D:1:      sevenhm_arrival_forest_fort_small_6

Skill      XL: |  1  2 |
---------------+-------+-----
Armour         | 2 |  2.1
Dodging        | 1 |  1.1
Axes           | 2 |  2.2
Fighting       | |  3.2
Stealth        | |  0.2
Invocations    | |  2.7

Action                   || total
-------------------------++-------
Melee: Hand axe          ||    75
Invok: Depart the Abyss  ||     1
  Use: Potion            ||     3
Armor: Leather armour    ||    26
Dodge: Dodged            ||    50
